 Dungeon Crawl Stone Soup version 0.17-a0-977-g4154171 (webtiles) character file.

3 RobertPalmer the Insei (level 1, 0/13 HPs)
             Began as an Octopode Transmuter on May 10, 2015.
             Slain by a kobold
             ... wielding a +2 vampiric whip
              (3 damage)
             ... on level 1 of the Dungeon.
             The game lasted 00:00:22 (208 turns).

RobertPalmer the Insei (Octopode Transmuter)         Turns: 208, Time: 00:00:23

Health: 0/13       AC:  1    Str:  9    XL:     1   Next: 50%
Magic:  3/3        EV: 12    Int: 15    God:
Gold:   38         SH:  0    Dex: 12    Spells: 1 memorised, 3 levels left

rFire  . . .     SeeInvis .       - Unarmed
rCold  . . .     Clarity  .     (no shield)
rNeg   . . .     SustAb   .     (helmet restricted)
rPois  .         Gourm    .     (no amulet)
rElec  .         Spirit   .     (no ring)
rCorr  .         Warding  .     (no ring)
rMut   .         Stasis   .     (no ring)
MR     .....                    (no ring)
Stlth  ++........               (no ring)
                                (no ring)
                                (no ring)
                                (no ring)

@: not resistant to hostile enchantments, unstealthy
A: almost no armour, amphibious, 8 rings, constrict 8, camouflage 1, gelatinous
body 1
a: no special abilities


You were on level 1 of the Dungeon.
You were not hungry.

You visited 1 branch of the dungeon, and saw 1 of its levels.

You collected 38 gold pieces.

Inventory:

Missiles
 a - 12 arrows
Jewellery
 h - an uncursed ring of protection from cold {unknown}
   (You found it on level 1 of the Dungeon)
Scrolls
 g - a scroll of identify {unknown}
Potions
 d - a potion of lignification {unknown}
 e - a potion of mutation {unknown}
 f - a potion of brilliance {unknown}
Books
 b - a book of Changes
Comestibles
 c - a bread ration {@e1}


   Skills:
 - Level 1.0 Fighting
 - Level 2.0 Dodging
 - Level 3.0 Unarmed Combat
 - Level 2.0 Spellcasting
 + Level 2.3 Transmutations


You had 3 spell levels left.
You knew the following spells:

 Your Spells              Type           Power        Failure   Level  Hunger
a - Beastly Appendage     Trmt           #.....       12%         1    #......


Dungeon Overview and Level Annotations

Branches:
Dungeon (1/15)

Altars:


Innate Abilities, Weirdness & Mutations

You cannot wear most types of armour.
You are amphibious.
You can wear up to eight rings at the same time.
You can use your tentacles to constrict eight enemies at once.
Your skin changes colour to match your surroundings (Stealth).
Your rubbery body absorbs attacks (AC +1).


Message History

Welcome, RobertPalmer the Octopode Transmuter.
It is said that the Orb of Zot exists deep within this dungeon, but nobody has ever found it.
Found a staircase leading out of the dungeon.
You open the gate.
There is an open gate here.
The rat is too close now for your liking.
A rat is nearby!
A rat is nearby!
A rat is nearby!
One of your tentacles grows a vicious spike.
You now have 2/3 mp.
You closely miss the rat. Your grab misses the rat.
Your squeeze misses the rat.
Your transformation is almost over.
The rat misses you.
You barely miss the rat. You grab the rat.
You pierce the rat, but do no damage.
You constrict the rat.
You kill the rat!
No target in view!
No target in view!
d - a glowing brown potion Your tentacle spike disappears.
A bat comes into view.
MP restored: 3 A bat is nearby!
A bat is nearby!
A bat is nearby!
The bat closely misses you. x2
You tentacle-slap the bat. Your grab misses the bat.
Your squeeze misses the bat. The bat hits you but does no damage.
The bat hits you but does no damage. The bat closely misses you.
The bat closely misses you.
You tentacle-slap the bat.
You kill the bat!
No target in view!
No target in view!
No target in view!
The giant newt is too close now for your liking.
A giant newt is nearby!
A giant newt is nearby!
A giant newt is nearby!
A giant newt is nearby!
The giant newt barely misses you.
You tentacle-slap the giant newt.
You kill the giant newt!
No target in view!
No target in view!
You now have 18 gold pieces.
e - a bubbling yellow potion
f - a bubbling green potion
g - a scroll labeled IGUOFAZIWK You now have 25 gold pieces (gained 7).
h - a copper ring No target in view!
No target in view!
Found a stone staircase leading down.
There is a stone staircase leading down here.
You now have 38 gold pieces (gained 13).
Found a shiny chain mail.
A kobold comes into view. It is wielding a vampiric whip.
You see here 6 gold pieces.
A kobold is nearby!
A kobold comes into view. It is wielding a club.
The kobold shouts! x2
The kobold hits you with a vampiric whip.
You take 5 damage, and have 8/13 hp.
MASSIVE DAMAGE!!
The kobold hits you with a vampiric whip.
* * * LOW HITPOINT WARNING * * *
You take 6 damage, and have 2/13 hp.
MASSIVE DAMAGE!!
You see here 6 gold pieces.
A bat comes into view.
You tentacle-slap the bat.
You kill the bat!
The kobold hits you with a vampiric whip.
You die...

##...................# #.#.#.#.#.
.....................###.#...#.#.
.>.......................#####.#.
..........[..........##........#.
............###########..#####.#.
............# ######..#...#.#.
............# #.......#.#K#.#.
....##############.##....#K#.#K#.
........ ......†@K.K.....#.#...#$
..################.##..).#K#####.
....................##...#....K..
...........#######.......#.#####.
..##'''##†...............#.# #.
#.#.....#........##.##.#.#.# #.
#.#.....#........##†##...#.# #.
..#..<..#........[.......#.. #.
..#.....#........##.##...### #.


You could see 2 kobolds.

Vanquished Creatures
  2 bats (D:1)
  A giant newt (D:1)
  A rat (D:1)
4 creatures vanquished.

Notes
Turn   | Place    | Note
--------------------------------------------------------------
     0 | D:1      | RobertPalmer, the Octopode Transmuter, began the quest for the Orb.
     0 | D:1      | Reached XP level 1. HP: 13/13 MP: 3/3
   171 | D:1      | HP: 2/13 [kobold/vampiric whip (6)]
   208 | D:1      | Slain by a kobold

Vault maps used:
D:1:      dpeg_arrival_windows_large_door, hangedman_decor_lopped,
          roderic_lattice_a

Action                   || total
-------------------------++-------
Melee: Unarmed           ||     6
 Cast: Beastly Appendage ||     1

Vault maps used:
D:1:      dpeg_arrival_windows_large_door, hangedman_decor_lopped,
          roderic_lattice_a

Table legend:
 A = Turns spent in this place as a percentage of turns spent in the entire game.
 B = Non-inter-level travel turns spent in this place as a percentage of non-inter-level travel turns spent in the entire game.
 C = Inter-level travel turns spent in this place as a percentage of turns spent in this place.
 D = Turns resting spent in this place as a percentage of non-inter-level travel turns spent in this place.
 E = Turns spent auto-exploring this place as a percentage of non-inter-level travel turns spent in this place.
 F = Non-inter-level travel turns spent in this place divided by the number of levels of this place that you've seen.
                   A       B       C       D       E      F
               +-------+-------+-------+-------+-------+----------------------
         Total | 100.0 | 100.0 |   0.0 |   0.0 |  12.2 |  90.0
       Dungeon | 100.0 | 100.0 |   0.0 |   0.0 |  12.2 |  90.0
               +-------+-------+-------+-------+-------+----------------------

Table legend:
 A = Kills in this place as a percentage of kills in entire the game.
 B = Kills by you in this place as a percentage of kills by you in the entire game.
 C = Kills by friends in this place as a percentage of kills by friends in the entire game.
 D = Other kills in this place as a percentage of other kills in the entire game.
 E = Experience gained in this place as a percentage of experience gained in the entire game.
 F = Experience gained in this place divided by the number of levels of this place that you have seen.
                   A       B       C       D       E      F
               +-------+-------+-------+-------+-------+----------------------
         Total | 100.0 | 100.0 |  -nan |  -nan | 100.0 |   5.0
       Dungeon | 100.0 | 100.0 |  -nan |  -nan | 100.0 |   5.0
               +-------+-------+-------+-------+-------+----------------------
